 Dungeon Crawl Stone Soup version 0.21-a0-81-gc5150db (webtiles) character file.

3598 Lavandula the Cleaver (level 9, -1/59 HPs)
             Began as a Mummy Arcane Marksman on June 23, 2017.
             Was an Initiate of Gozag.
             Slain by a wyvern (7 damage)
             ... on level 8 of the Dungeon.
             The game lasted 00:49:05 (9166 turns).

Lavandula the Cleaver (Mummy Arcane Marksman)       Turns: 9166, Time: 00:49:05

Health: -1/59      AC: 13    Str: 14      XL:     9   Next: 85%
Magic:  4/12       EV: 12    Int: 12      God:    Gozag
Gold:   822        SH:  0    Dex: 25 (26) Spells: 5/12 levels left

rFire    . . .     SeeInvis .   p - +2 hand axe (chop)
rCold    + + .     Gourm    .   (no shield)
rNeg     + + +     Faith    .   l - +2 leather armour {rF+}
rPois    ∞         Spirit   .   k - +1 helmet
rElec    .         Reflect  .   t - +2 cloak {MR+}
rCorr    .         Harm     .   u - +1 pair of gloves {Dex+3}
MR       ++...                  r - +0 pair of boots of Conscience {rC+ rN+}
Stlth    ++........             b - amulet of magic regeneration
HPRegen  0.19/turn              i - +4 ring of dexterity
MPRegen  0.38/turn              n - +4 ring of dexterity

@: very slightly contaminated
A: no food or potions, fire vulnerability, cold resistance 1, negative energy
resistance 3, torment resistance, unbreathing
a: Potion Petition, Call Merchant, Bribe Branch, Renounce Religion


You were on level 8 of the Dungeon.
You worshipped Gozag.
Gozag was pleased with you.
You were not hungry.

You visited 1 branch of the dungeon, and saw 8 of its levels.
You also visited: Sewer and Ossuary.

You collected 2074 gold pieces.
You spent 811 gold pieces at shops.
You paid 441 gold pieces to Gozag.

Inventory:

Hand Weapons
 a - a +0 hand crossbow
 g - a +0 dagger
 p - a +2 hand axe of chopping (weapon)
Missiles
 d - 2 bolts
 q - 13 tomahawks (quivered)
 v - 5 tomahawks of returning
Armour
 k - a +1 helmet (worn)
 l - a +2 leather armour of fire resistance (worn)
 o - a +0 buckler
 r - the +0 pair of boots of Conscience (worn) {rC+ rN+}
   (You bought it in a shop on level 4 of the Dungeon)

   It protects you from cold.
   It protects you from negative energy.
 t - a +2 cloak of magic resistance (worn)
 u - a +1 pair of gloves of dexterity (worn)
Jewellery
 b - an amulet of magic regeneration (around neck)
 i - a +4 ring of dexterity (left hand)
 n - a +4 ring of dexterity (right hand)
Wands
 f - a wand of disintegration (0/24)
 m - a wand of random effects (26/48)
Scrolls
 e - a scroll of magic mapping
 h - 5 scrolls of remove curse
 j - 4 scrolls of amnesia
 s - a scroll of blinking
 w - a scroll of summoning
 x - 3 scrolls of teleportation
Books
 c - a book of Debilitation

   Spells                             Type                      Level
   a - Corona                         Hexes                        1
   b - Slow                           Hexes                        2
   c - Inner Flame                    Hexes/Fire                   3
   d - Portal Projectile              Hexes/Translocation          3
   e - Cause Fear                     Hexes                        4
   f - Leda's Liquefaction            Hexes/Earth                  4


   Skills:
 - Level 1.1 Fighting
 - Level 0.2 Short Blades
 - Level 8.9 Axes
 - Level 5.8 Crossbows
 - Level 1.7 Dodging
 - Level 0.5 Stealth
 - Level 2.1 Spellcasting
 - Level 6.1 Hexes
 - Level 0.1 Evocations


You had 5 spell levels left.
You knew the following spells:

 Your Spells              Type           Power        Failure   Level  Hunger
a - Corona                Hex            ###....      2%          1    N/A
b - Slow                  Hex            ###.....     4%          2    N/A
c - Cause Fear            Hex            ###.......   26%         4    N/A

Dungeon Overview and Level Annotations

Branches:
Dungeon (8/15)             Temple (0/1) D:7
   Lair: D:8-11

Altars:
Ashenzari
Dithmenos
Fedhas
Gozag
Makhleb
Nemelex Xobeh
Okawaru
Qazlal
Sif Muna
Xom
Zin

Shops:
D:4 [

Annotations:
D:4 2 transporters
D:8 exclusion: two-headed ogre


Innate Abilities, Weirdness & Mutations

You do not eat or drink.
Your flesh is vulnerable to fire.
You are immune to poison.
Your flesh is cold resistant. (rC+)
You are immune to negative energy. (rN+++)
You are immune to unholy pain and torment.
You can survive without breathing.


Message History

Press: ? - help, Shift-Dir - straight line, f/p - wyvern
Aim: a wyvern (severely wounded, slow, chance to defeat MR: 65%) Nothing appears to happen.
The wyvern misses you.
Evoke which item? (* to show all) (? for menu, Esc to quit)
Okay, then.
Okay, then.
Press: ? - help, v - describe, . - travel
Here: a wyvern (severely wounded, slow)
The floor, spattered with blood.
Casting: Corona
Confirm with . or Enter, or press ? or * to list all spells.
The wyvern easily resists.
The wyvern bites you!
* * * LOW HITPOINT WARNING * * *
Casting: Cause Fear
Confirm with . or Enter, or press ? or * to list all spells.
You miscast Cause Fear.
You are very lightly contaminated with residual magic.
Nothing appears to happen.
The wyvern bites you!
You die...
Your body crumbles into a pile of gold.

,,,*,* **##..* ####.........
,,**,* **,######*##.###..##.
,,**,** *,......##..# ##.##.
*,**,,*** #########....>####....
*,***,,,* #......####.#.....##..
*,*
***,***#......#....#####...).
*,* *,,,,#........#### ####)#
*,*******#.#......### #(#
*,,,,,,.........@.# #..
**,****###$...#l### #########
*,*** ###..(..,***####........
*,,,******#..#...,,,........##.#
**,,*,,,,().......,,.........#.#
*,,,,**########...,...........#
*,,,,* *.........#...... *,*,,**
*,,,,...,,##..#.. *,*,,,*****
*,,,,.,,,.......#


You could see a wyvern.

Vanquished Creatures
  3 hippogriffs (D:7)
  A yak (D:7)
  Menkaure (D:6)
  2 ice beasts
  An ogre (D:4)
  A sky beast (D:5)
  2 phantoms
  A centaur (D:7)
  7 big kobolds
  4 bullfrogs
  2 scorpions
  3 killer bees (D:8)
  4 wights (D:6)
  A howler monkey (D:5)
  2 centaur zombies (D:7)
  A quasit (D:8)
  A crimson imp (D:5)
  A bullfrog skeleton (D:5)
  A jelly (D:6)
  2 orc priests (D:7)
  4 hounds
  An orc wizard (D:8)
  2 iguanas
  Jessica (D:2)
  4 worker ants
  A big kobold zombie (Ossuary)
  A hound skeleton (D:6)
  3 mummies (Ossuary)
  A howler monkey zombie (D:5)
  2 worker ant zombies
  A river rat (D:4)
  12 adders
  A shadow imp (D:6)
  An adder zombie (Ossuary)
  3 worms
  6 leopard geckos
  20 orcs
  5 giant cockroaches
  6 goblins
  5 hobgoblins
  24 jackals
  A quokka (D:3)
  3 ball pythons
  9 bats
  6 frilled lizards
  2 goblin zombies (Ossuary)
  4 hobgoblin zombies (Ossuary)
  70 kobolds
  4 kobold zombies (Ossuary)
  A quokka zombie (D:6)
  8 rats
  6 rat zombies (Ossuary)
  A plant (Sewer)
260 creatures vanquished.

Notes
Turn   | Place    | Note
-------+----------+-------------------------------------------
     0 | D:1      | Lavandula the Mummy Arcane Marksman began the quest for the Orb.
     0 | D:1      | Reached XP level 1. HP: 15/15 MP: 2/2
   385 | D:1      | Reached XP level 2. HP: 21/21 MP: 4/4
   613 | D:2      | Found an opulent altar of Gozag.
   614 | D:2      | Found a sparkling altar of Nemelex Xobeh.
   630 | D:2      | Became a worshipper of Gozag Ym Sagoz the Greedy
   837 | D:2      | Found an iron altar of Okawaru.
   874 | D:2      | HP: 1/21 [adder (2)]
  1183 | D:2      | Reached XP level 3. HP: 22/26 MP: 2/5
  1220 | D:2      | Noticed an angel
  1223 | D:2      | Found a glowing silver altar of Zin.
  1227 | D:2      | Found a shimmering altar of Xom.
  1404 | D:2      | Learned a level 2 spell: Slow
  1661 | D:2      | Noticed Jessica
  1665 | D:2      | Killed Jessica
  1665 | D:2      | Reached XP level 4. HP: 30/32 MP: 4/7
  2658 | D:3      | Reached XP level 5. HP: 37/37 MP: 6/8
  2931 | D:3      | Found a shattered altar of Ashenzari.
  3151 | D:4      | Found a deep blue altar of Sif Muna.
  3151 | D:4      | Found a shadowy altar of Dithmenos.
  3152 | D:4      | Noticed a slime creature
  3154 | D:4      | Noticed a yak
  3154 | D:4      | Found a transporter.
  3166 | D:4      | Found a transporter.
  3177 | D:4      | Found a stormy altar of Qazlal.
  3274 | D:4      | Found a glowing drain.
  3337 | Sewer    | Entered a sewer
  3587 | Sewer    | Learned a level 4 spell: Cause Fear
  3633 | Sewer    | Reached skill level 1 in Axes
  3793 | D:4      | Noticed an ogre
  3806 | D:5      | Entered Level 5 of the Dungeon
  3826 | D:5      | Noticed a sky beast
  3921 | D:5      | Noticed an ogre
  4282 | D:6      | Noticed a phantom
  4617 | D:6      | Reached XP level 6. HP: 39/43 MP: 9/9
  4799 | D:6      | Reached skill level 5 in Crossbows
  4993 | D:6      | Noticed an ice beast
  5017 | D:6      | Noticed Menkaure
  5039 | D:6      | Killed Menkaure
  5039 | D:6      | Reached XP level 7. HP: 26/48 MP: 10/10
  5672 | D:5      | Reached skill level 5 in Hexes
  6065 | D:4      | Reached XP level 8. HP: 50/54 MP: 11/11
  6174 | D:4      | Bought a +0 cloak of magic resistance for 184 gold pieces
  6470 | D:4      | Reached skill level 2 in Axes
  6562 | D:4      | Reached skill level 3 in Axes
  7009 | D:4      | Bought the +0 pair of boots of Conscience {rC+ rN+} for 363 gold pieces
  7009 | D:4      | Bought a +1 pair of gloves of dexterity for 264 gold pieces
  7117 | D:6      | Reached skill level 4 in Axes
  7258 | D:6      | Reached skill level 5 in Axes
  7462 | D:7      | Found a staircase to the Ecumenical Temple.
  7487 | D:7      | Reached XP level 9. HP: 59/59 MP: 10/12
  7559 | D:7      | Reached skill level 6 in Axes
  7698 | D:7      | Reached skill level 7 in Axes
  7715 | D:7      | Found a blossoming altar of Fedhas.
  7716 | D:7      | Found a burning altar of Makhleb.
  8019 | D:7      | Found an iron altar of Okawaru.
  8184 | D:7      | Reached skill level 8 in Axes
  8609 | D:8      | Found a sand-covered staircase.
  8630 | Ossuary  | Entered an ossuary
  8902 | D:8      | Noticed a two-headed ogre
  9166 | D:8      | Slain by a wyvern

Vault maps used:
D:1:      dpeg_arrival_boxes_within_box, corexii_leaking_fountain, minivault_19,
          moated_statue
D:2:      grunt_temple_overflow_order_and_chaos_1,
          grunt_temple_overflow_opulence, okawaru_gym_becter, uniq_jessica
D:3:      cheibrodos_ashenzari_chains
D:4:      minmay_goblin_kobold_castle, grunt_qazlal_clouds,
          lemuel_coloured_pillars_altar, gammafunk_temple_overflow_arena,
          gup_sewer_entry_bubbles
D:5:      first_bread
D:6:      kennysheep_generic_room_9, uniq_menkaure
D:7:      lemuel_crystal_altar, lemuel_round_altar, minmay_temple_entry_mist,
          basic_altar
D:8:      tso_metal_star, nicolae_ossuary_entry_ruins
Sewer:    sewer_co_scattered_pipes
Ossuary:  ossuary_minmay_chase

Skill      XL: |  1  2  3  4  5  6  7  8  9 |
---------------+----------------------------+-----
Hexes          | 3 5 6 |  6.1
Crossbows      | 2 3 4 5 |  5.8
Spellcasting   | 2 |  2.1
Axes           | 1 5 8 |  8.9
Fighting       | |  1.1
Short Blades   | |  0.2
Dodging        | |  1.7
Stealth        | |  0.5
Evocations     | |  0.1

Action                   |  1- 3 |  4- 6 |  7- 9 || total
-------------------------+-------+-------+-------++-------
Melee: Dagger            |    37 |    90 |       ||   127
       Hand axe          |       |   139 |   535 ||   674
 Fire: Hand crossbow     |    63 |    65 |    23 ||   151
Throw: Tomahawk          |       |    11 |    14 ||    25
 Cast: Corona            |    35 |    45 |    33 ||   113
       Slow              |     1 |    36 |    30 ||    67
       Cause Fear        |       |       |     3 ||     3
Invok: Potion Petition   |     1 |       |       ||     1
       Call Merchant     |       |       |     1 ||     1
Evoke: Wand              |       |     1 |     5 ||     6
  Use: Scroll            |       |     8 |     7 ||    15
 Stab: Sleeping          |     1 |       |     1 ||     2
       Distracted        |       |       |     1 ||     1
Armor: Robe              |    13 |    13 |       ||    26
       Leather armour    |       |    47 |   223 ||   270
Dodge: Dodged            |    57 |   137 |   373 ||   567
